 Dungeon Crawl Stone Soup version 0.27.1-16-g815e20cd7a (webtiles) character file.

Game seed: 13204233666085977014

4041 zeram the Frost Mage (level 10, -9/50 HPs)
             Began as a Gargoyle Ice Elementalist on Nov 23, 2021.
             Was an Initiate of Gozag.
             Mangled by a wight (12 damage)
             ... on level 9 of the Dungeon.
             The game lasted 00:25:35 (9865 turns).

zeram the Frost Mage (Gargoyle Ice Elementalist)    Turns: 9865, Time: 00:25:35

Health: -9/50      AC: 22    Str: 12    XL:     10   Next: 24%
Magic:  12/13      EV: 11    Int: 19    God:    Gozag
Gold:   686        SH:  0    Dex: 10    Spells: 2/13 levels left

rFire    + . .     SeeInvis .   s - +0 whip (holy)
rCold    . . .     Faith    .   (no shield)
rNeg     + + .     Spirit   .   a - +0 robe
rPois    ∞         Reflect  .   (no helmet)
rElec    +         Harm     .   (no cloak)
rCorr    +         Rampage  .   h - +2 pair of gloves
Will     +++..     Clarity  +   (no boots)
Stlth    ++........             w - amulet of the Four Winds {rN+ Will+++ Clar}
HPRegen  0.16/turn              o - ring of protection from fire
MPRegen  0.13/turn              n - ring of resist corrosion

@: brilliant, ice-armoured, on berserk cooldown, slowed, very slow
A: sickness immunity, AC +7, negative energy resistance 1, electricity
resistance, torment resistance 1, petrification resistance
a: Renounce Religion, Potion Petition, Call Merchant, Bribe Branch


You were on level 9 of the Dungeon.
You worshipped Gozag.
Gozag was pleased with you.
You visited 2 branches of the dungeon, and saw 10 of its levels.

You collected 780 gold pieces.
You paid 94 gold pieces to Gozag.

Inventory:

Hand Weapons
 j - the +0 spear of Wyrd {freeze, Will+}
   (You found it on level 4 of the Dungeon)

   It freezes those it strikes, dealing additional cold damage.
   It can also slow down cold-blooded creatures.
   Will:      It increases your willpower.
 s - a +0 whip of holy wrath (weapon)
Armour
 a - a +0 robe (worn)
 h - a +2 pair of gloves (worn)
 y - a +0 buckler
Jewellery
 d - an amulet of magic regeneration
 i - an amulet of regeneration
 n - a ring of resist corrosion (right hand)
 o - a ring of protection from fire (left hand)
 p - a +6 ring of strength
 w - the amulet of the Four Winds (around neck) {rN+ Will+++ Clar}
   (You found it on level 7 of the Dungeon)

   [amulet of nothing]

   rN:        It protects you from negative energy.
   Clar:      It protects you against confusion.
   Will:      It greatly increases your willpower.
Wands
 A - a wand of mindburst (10)
Scrolls
 b - a scroll of fog
 q - 2 scrolls of magic mapping
 v - a scroll of teleportation
 z - 3 scrolls of amnesia
Potions
 c - 2 potions of cancellation
 m - 3 potions of flight


   Skills:
 - Level 0.3 Maces & Flails
 - Level 1.5 Dodging
 - Level 2.2 Stealth
 - Level 2.0 Spellcasting
 + Level 14.3 Ice Magic


You had 2 spell levels left.
You knew the following spells:

 Your Spells              Type           Power      Damage    Failure   Level
a - Freeze                Ice            100%       1d11      1%          1
b - Frozen Ramparts       Ice            100%       1d12      1%          3
c - Ozocubu's Armour      Ice            71%        N/A       1%          3
d - Hailstorm             Conj/Ice       43%        3d10      9%          4

Your spell library contained the following spells:

 Spells                   Type           Power      Damage    Failure   Level
 Gell's Gravitas          Tloc           1%         N/A       45%         3
 Teleport Other           Tloc           2%         N/A       45%         3
 Animate Armour           Summ/Erth      4%         N/A       86%         4
 Blade Hands              Tmut           1%         N/A       99%         5
 Dispersal                Tloc           1%         N/A       100%        6
 Iron Shot                Conj/Erth      1%         9d1       100%        6


Dungeon Overview and Level Annotations

Branches:
Dungeon (9/15)             Temple (1/1) D:6
   Lair: D:8-11         Orc: D:9-12

Altars:
Ashenzari
Cheibriados
Dithmenos
Elyvilon
Fedhas
Gozag
Hepliaklqana
Kikubaaqudgha
Makhleb
Nemelex Xobeh
Okawaru
Qazlal
Ru
Sif Muna
Trog
Uskayaw
Vehumet
Wu Jian
Xom
Yredelemnul
Zin
The Shining One

Shops:
D:4 :   D:5 (


Innate Abilities, Weirdness & Mutations

You are immune to sickness and miasma.
Your stone body is resilient. (AC +7)
You are immune to poison.
You resist negative energy. (rN+)
You are resistant to electric shocks. (rElec)
You are resistant to unholy torment.
You are immune to petrification.


Message History

The wight hits you with a +3 battleaxe of freezing.
The wight freezes you. The wight closely misses you.
It was a potion of brilliance.
You feel clever all of a sudden.
The wight hits you with a +3 battleaxe of freezing!
* * * LOW HITPOINT WARNING * * *
The wight freezes you.
* * * LOW HITPOINT WARNING * * *
The wight misses you.
Casting: Frozen Ramparts (safe; 1% risk of failure)
Confirm with . or Enter, or press ? or * to list all spells.
You feel a surge of power! A film of ice covers your body!
The wight hits you with a +3 battleaxe of freezing.
* * * LOW HITPOINT WARNING * * *
The wight freezes you.
* * * LOW HITPOINT WARNING * * *
You closely miss the wight.
The wight is moderately damaged.
The wight closely misses you. The wight hits you but does no damage.
You barely miss the wight.
The wight is moderately damaged.
The wight closely misses you.
You hit the wight but do no damage.
The wight is moderately damaged.
The wight hits you but does no damage. The wight closely misses you.
You hit the wight but do no damage.
The wight is moderately damaged.
The wight completely misses you. The wight closely misses you.
You hit the wight.
The wight convulses.
The wight is heavily damaged.
The wight closely misses you.
You barely miss the wight.
The wight is heavily damaged.
The wight completely misses you. The wight closely misses you.
You hit the wight.
The wight convulses.
The wight is almost destroyed.
The wight hits you but does no damage.
The wight hits you with a +3 battleaxe of freezing!
You die...
Your body crumbles into a pile of gold.

.. .!########..# ..#
#.#.........# #.#
#.###'####..# #..
#.#......#..#
#.###.#......#..#
#?..#........#..#
+....#######'#...
#########................
........@z...............
....########.............
....# #.............
....# $ ############..
#######.....# #.#
Y...........# #.#
.YY.........#
Y...........#
..######....+


You could see a wight.

Vanquished Creatures
  Joseph (D:8)
  A wyvern (D:5)
  5 yaks
  2 steam dragons
  An ice beast (D:7)
  A sky beast (D:5)
  A black bear (D:4)
  A hornet zombie (D:7)
  A necrophage (D:6)
  An ogre (D:4)
  2 phantoms
  2 centaurs
  4 bullfrogs
  A gnoll sergeant (D:5)
  A scorpion (D:6)
  A wyvern zombie (D:7)
  A water moccasin skeleton (D:5)
  3 wights (D:9)
  A howler monkey (D:8)
  A bullfrog zombie (D:5)
  A centaur zombie (D:6)
  4 jellies
  6 hounds
  2 bullfrog skeletons
  An orc priest (D:8)
  A centaur skeleton (D:6)
  A gnoll shaman (D:8)
  Terence (D:2)
  Jessica (D:2)
  An iguana (D:7)
  Natasha (thrice) (D:2)
  An orc wizard (D:4)
  A killer bee zombie (D:8)
  2 hound zombies (D:5)
  A howler monkey zombie (D:6)
  A howler monkey skeleton (D:6)
  11 gnolls
  8 adders
  An ufetubus (D:5)
  A worm (D:3)
  4 dart slugs
  26 orcs
  8 bats
  3 endoplasms (D:4)
  3 giant cockroaches
  16 goblins
  6 hobgoblins
  4 jackals
  8 kobolds
  5 quokkas
  5 ball pythons
  5 frilled lizards
  5 rats
179 creatures vanquished.

Notes
Turn   | Place    | Note
-------+----------+-------------------------------------------
     0 | D:1      | zeram the Gargoyle Ice Elementalist began the quest for the
                  | Orb.
     0 | D:1      | Reached XP level 1. HP: 10/10 MP: 3/3
   288 | D:1      | Reached XP level 2. HP: 15/15 MP: 3/5
   701 | D:1      | Found a faded altar of an unknown god.
  1157 | D:1      | Reached XP level 3. HP: 18/19 MP: 6/6
  1161 | D:1      | Learned a level 3 spell: Frozen Ramparts
  1438 | D:2      | Noticed Terence
  1445 | D:2      | Killed Terence
  1446 | D:2      | Reached skill level 5 in Ice Magic
  1664 | D:2      | Reached XP level 4. HP: 24/24 MP: 2/7
  1752 | D:2      | Noticed Jessica
  1762 | D:2      | Killed Jessica
  1826 | D:2      | Learned a level 3 spell: Ozocubu's Armour
  1861 | D:2      | Reached skill level 6 in Ice Magic
  1982 | D:2      | Reached XP level 5. HP: 28/28 MP: 8/8
  2008 | D:2      | Noticed Natasha
  2017 | D:2      | Killed Natasha
  2214 | D:2      | Noticed Natasha
  2222 | D:2      | Killed Natasha
  2235 | D:2      | Noticed Natasha
  2325 | D:2      | Killed Natasha
  2823 | D:3      | Found a hazy altar of Hepliaklqana.
  2824 | D:3      | Found a faded altar of an unknown god.
  2916 | D:3      | Found a radiant altar of Vehumet.
  2928 | D:3      | Reached skill level 7 in Ice Magic
  2928 | D:3      | Reached XP level 6. HP: 30/32 MP: 5/9
  2974 | D:3      | Found a shimmering altar of Xom.
  2974 | D:3      | Found a sparkling altar of Nemelex Xobeh.
  2976 | D:3      | Found a glowing silver altar of Zin.
  3550 | D:4      | Identified the +0 spear of Wyrd {freeze, Will+}
  3762 | D:4      | Found Nemumn's Book Boutique.
  4075 | D:4      | Reached skill level 8 in Ice Magic
  4237 | D:4      | Reached XP level 7. HP: 36/36 MP: 10/10
  4865 | D:4      | Reached skill level 9 in Ice Magic
  4908 | D:4      | Found a sacrificial altar of Ru.
  5152 | D:4      | Reached XP level 8. HP: 41/41 MP: 8/11
  5290 | D:5      | Entered Level 5 of the Dungeon
  5372 | D:5      | Learned a level 4 spell: Hailstorm
  5448 | D:5      | Reached skill level 10 in Ice Magic
  5570 | D:5      | Noticed a wyvern
  5580 | D:5      | Killed a wyvern
  5591 | D:5      | Reached skill level 11 in Ice Magic
  6095 | D:5      | Found Rafuship's Antique Weapon Boutique.
  6464 | D:6      | Reached XP level 9. HP: 36/45 MP: 8/12
  6549 | D:6      | Found a staircase to the Ecumenical Temple.
  6587 | Temple   | Entered the Ecumenical Temple
  6661 | Temple   | Became a worshipper of Gozag Ym Sagoz the Greedy
  6751 | D:6      | Found a blossoming altar of Fedhas.
  6918 | D:6      | Reached skill level 12 in Ice Magic
  7528 | D:7      | Found a hide-covered altar of Uskayaw.
  7543 | D:7      | Found the amulet of the Four Winds {rN+ Will+++ Clar}
  8780 | D:8      | Reached skill level 13 in Ice Magic
  9053 | D:8      | Noticed Joseph
  9074 | D:8      | Killed Joseph
  9119 | D:8      | Reached XP level 10. HP: 5/50 MP: 10/13
  9123 | D:8      | Reached skill level 14 in Ice Magic
  9858 | D:9      | HP: 1/50 [wight (2)]
  9865 | D:9      | Mangled by a wight

Illustrated notes

Levels and vault maps discovered:
D:1:      dpeg_arrival_windows_large_door, layout_basic,
          hellmonk_ecumenical_altar_arch_garden
D:2:      layout_rooms, minmay_circle_x, uniq_natasha, uniq_jessica,
          uniq_terence
D:3:      layout_rooms, mainiacjoe_overflow_chevrons,
          beargit_hepliaklqana_dungeon_heroes, gammafunk_temple_overflow_claw,
          minmay_goblin_outpost
D:4:      minmay_evil_eye, layout_loops_ring, nicolae_ru_the_path_less_chosen,
          nicolae_stop_n_shop_2, amcnicky_mini_corridor_feature
D:5:      layout_loops_cross, serial_shops, nicolae_lakefront_shop,
          kennysheep_dice
D:6:      layout_rooms, lemuel_round_altar, temple_green
D:7:      layout_gridville, mainiacjoe_overflow_concentric_impassable,
          kennysheep_donut
D:8:      layout_cave_pods, uniq_joseph
D:9:      layout_irregular_city, serial_co_window_serial, co_window_paths_a,
          co_window_paths_b, co_window_paths_a, co_window_of_opportunity_a,
          co_window_of_opportunity_a, co_window_broadway_c,
          co_window_of_opportunity_b, co_window_corner_cb, co_window_sun,
          glass_columns_a, glass_columns_b, glass_columns_b
Temple:   jpeg_temple_clearing

Skill      XL: |  1  2  3  4  5  6  7  8  9 10 |
---------------+-------------------------------+-----
Ice Magic      | 5 6 7 8 9 11 13 14 | 14.3
Maces & Flails | |  0.3
Dodging        | |  1.5
Stealth        | |  2.2
Spellcasting   | |  2.0

Action                   |  1- 3 |  4- 6 |  7- 9 | 10-12 || total
-------------------------+-------+-------+-------+-------++-------
Melee: Unarmed           |    28 |       |       |       ||    28
       Club              |    29 |    20 |       |       ||    49
       Mace              |       |    60 |       |       ||    60
       Spear             |       |    74 |   130 |       ||   204
       Whip              |       |       |   244 |    48 ||   292
 Cast: Freeze            |    30 |    18 |     9 |     3 ||    60
       Frozen Ramparts   |       |    14 |    33 |     2 ||    49
       Hailstorm         |       |       |     1 |       ||     1
       Ozocubu's Armour  |       |       |     4 |     2 ||     6
  Use: Scroll            |       |     6 |     9 |       ||    15
       Potion            |       |     2 |     4 |     4 ||    10
 Stab: Sleeping          |     3 |     4 |     3 |     1 ||    11
       Invisible         |       |     2 |     4 |       ||     6
Armor: Robe              |    43 |    68 |   198 |    11 ||   320
Dodge: Dodged            |    53 |   103 |   257 |    29 ||   442
